 Dungeon Crawl Stone Soup version 0.20.1-1-g8b1a95d (webtiles) character file.

7615 Mesmaeker13 the Arsonist (level 10, 0/73 HPs)
             Began as a Demigod Wanderer on Oct 12, 2017.
             Slain by a two-headed ogre
             ... wielding a +0 giant club
              (5 damage)
             ... on level 8 of the Dungeon.
             The game lasted 00:29:58 (12482 turns).

Mesmaeker13 the Arsonist (Demigod Wanderer)        Turns: 12482, Time: 00:29:59

Health: 0/73       AC:  4    Str: 15    XL:     10   Next: 66%
Magic:  9/33       EV: 16    Int: 24    God:
Gold:   111        SH:  7    Dex: 13    Spells: 4/15 levels left

rFire    . . .     SeeInvis .   p - staff of power
rCold    . . .     Gourm    .   k - +2 buckler
rNeg     . . .     Faith    .   q - +0 leather armour
rPois    +         Spirit   .   (no helmet)
rElec    .         Reflect  .   G - +0 cloak
rCorr    .         Harm     .   (no gloves)
MR       +....                  (no boots)
Stlth    +.........             (no amulet)
Regen    0.3/turn               l - ring of flight
MPRegen  0.3/turn               x - ring of poison resistance

@: very slightly contaminated, slowed, very slow
A: high mp 1
a: Evoke Flight


You were on level 8 of the Dungeon.
You were not hungry.

You visited 1 branch of the dungeon, and saw 8 of its levels.

You collected 397 gold pieces.
You spent 286 gold pieces at shops.

Inventory:

Hand Weapons
 g - a +2 scimitar of freezing
 C - the +6 whip "Asiynutiupp" {flame, Str+6}
   (You found it on level 7 of the Dungeon)

   It has been specially enchanted to burn those struck by it, causing extra
   injury to most foes and up to half again as much damage against particularly
   susceptible opponents.
   It affects your strength (+6).
 H - a +4 morningstar
Armour
 k - a +2 buckler (worn)
 q - a +0 leather armour (worn)
 G - a +0 cloak (worn)
Magical Staves
 p - an uncursed staff of power (weapon)
Jewellery
 l - a ring of flight (left hand)
 x - a ring of poison resistance (right hand)
Wands
 v - a wand of confusion (31/48)
Scrolls
 i - 3 scrolls of remove curse
 m - 2 scrolls of fog
 r - a scroll of recharging
 u - 2 scrolls of enchant weapon
Potions
 d - a potion of invisibility {unknown}
 e - 3 potions of brilliance
 o - 2 potions of haste
 t - 3 potions of agility
 z - a potion of mutation {unknown}
 D - a potion of lignification {unknown}
Books
 a - a book of Flames

   Spells                             Type                      Level
   a - Flame Tongue                   Conjuration/Fire             1
   b - Throw Flame                    Conjuration/Fire             2
   c - Conjure Flame                  Conjuration/Fire             3
   d - Inner Flame                    Hexes/Fire                   3
   e - Sticky Flame                   Conjuration/Fire             4
   f - Fireball                       Conjuration/Fire             5
 b - Ityag's Reference Book on Summoning

   Spells                             Type                      Level
   a - Summon Small Mammal            Summoning                    1
   b - Summon Guardian Golem          Hexes/Summoning              3
 F - a book of Cantrips

   Spells                             Type                      Level
   a - Confusing Touch                Hexes                        1
   b - Animate Skeleton               Necromancy                   1
   c - Summon Small Mammal            Summoning                    1
   d - Apportation                    Translocation                1
Comestibles
 c - 2 royal jellies
 f - 4 bread rations
 h - 4 meat rations


   Skills:
 - Level 1.7 Fighting
 - Level 1.0 Armour
 + Level 7.7 Dodging
 - Level 1.0 Stealth
 - Level 4.1 Shields
 - Level 3.2 Spellcasting
 + Level 8.3 Conjurations
   Level 1.7 Transmutations
 + Level 9.3 Fire Magic


You had 4 spell levels left.
You knew the following spells:

 Your Spells              Type           Power        Failure   Level  Hunger
a - Flame Tongue          Conj/Fire      #####        1%          1    None
b - Throw Flame           Conj/Fire      #####.       1%          2    ##.....
c - Conjure Flame         Conj/Fire      #####...     1%          3    ###....
d - Fireball              Conj/Fire      #####.....   10%         5    ######.


Dungeon Overview and Level Annotations

Branches:
Dungeon (8/15)             Temple (0/1) D:6
   Lair: D:8-11

Shops:
D:4 ?   D:7 =


Innate Abilities, Weirdness & Mutations

You have an increased reservoir of magic. (+10% MP)


Message History

Reactivating autopickup.
You feel a bit more experienced.
You hear a shout!
A two-headed ogre comes into view. It is wielding two giant clubs.
The two-headed ogre hits you with a giant club!
The two-headed ogre barely misses you.
A centaur comes into view. It is wielding a mace.
The centaur unwields an uncursed mace.
The centaur wields a shortbow.
The centaur shoots an arrow.
The arrow hits you. You block the two-headed ogre's attack.
The two-headed ogre hits you with a giant spiked club!!
The centaur shoots an arrow.
The arrow hits you!
* * * LOW HITPOINT WARNING * * *
You see here 2 arrows.
You feel better.
The centaur shoots an arrow.
The arrow hits you!
* * * LOW HITPOINT WARNING * * *
The two-headed ogre hits you with a giant club!
* * * LOW HITPOINT WARNING * * *
The two-headed ogre hits you with a giant spiked club.
You die...

#.o[)..#...............#
#..
ho.##......###.._..._.#
#..
#o.##........#...c....#
#..
#..##.....##.#......###
#..
#..#####.###.#....#.#
########## #..# #.#
#.#....# .. ...#≈≈≈ ≈
#..# #.# #.#....#
##......# # #..# #.#
#.#...O#####.#....# #
#..# #.#
#.#..@..§.)..≈....# #
#.#..#O####).≈.....
#.#..#o.# #..≈###..
..#..#..# #..≈#
........# #..≈#
###..#..###.@≈####
.............≈.....
.....#..####.≈.....
......... .≈####.


You could see 2 two-headed ogres, a centaur and an orc wizard.

Vanquished Creatures
  Erica (D:8)
  3 two-headed ogres (D:8)
  2 hippogriffs
  Sigmund (D:2)
  Grum (D:7)
  A hungry ghost (D:8)
  Duvessa (D:4)
  3 orc warriors (D:8)
  A black bear (D:7)
  2 sky beasts (D:7)
  3 ogres (D:8)
  A phantom (D:7)
  4 wolves
  A centaur (D:7)
  4 bullfrogs
  2 gnoll sergeants (D:7)
  3 scorpions
  Dowan (D:4)
  12 killer bees
  7 wights
  5 jellies
  3 howler monkeys
  5 crimson imps
  4 hounds
  A quasit (D:8)
  A centaur zombie (D:8)
  2 orc priests
  Crazy Yiuf (D:7)
  2 centaur skeletons
  A bullfrog skeleton (D:5)
  An iguana (D:8)
  4 orc wizards
  10 worker ants
  Terence (D:2)
  2 killer bee zombies (D:8)
  A hound zombie (D:7)
  A worker ant zombie (D:7)
  12 gnolls
  12 adders
  A shadow imp (D:5)
  An ooze (D:2)
  2 adder zombies
  An adder skeleton (D:5)
  8 worms
  4 dart slugs
  8 leopard geckos
  29 orcs
  8 bats
  7 giant cockroaches
  5 goblins
  4 hobgoblins
  9 jackals
  8 kobolds
  2 quokkas
  4 frilled lizards
  9 rats
233 creatures vanquished.

Notes
Turn   | Place    | Note
-------+----------+-------------------------------------------
     0 | D:1      | Mesmaeker13 the Demigod Wanderer began the quest for the Orb.
     0 | D:1      | Mesmaeker13 set off with: a book of Flames, Ityag's Reference Book on Summoning, a +0 spear, a +0 robe, a bread ration
     0 | D:1      | Reached XP level 1. HP: 17/17 MP: 4/4
     1 | D:1      | Identified Ityag's Reference Book on Summoning
     3 | D:1      | Learned a level 1 spell: Flame Tongue
    66 | D:1      | Reached skill level 2 in Fire Magic
   611 | D:1      | Reached XP level 2. HP: 23/24 MP: 6/6
   957 | D:2      | Noticed Terence
  1381 | D:2      | Reached XP level 3. HP: 18/29 MP: 0/8
  2281 | D:2      | Learned a level 2 spell: Throw Flame
  2403 | D:2      | Reached skill level 3 in Fire Magic
  2719 | D:2      | Killed Terence
  2719 | D:2      | Reached XP level 4. HP: 33/36 MP: 2/10
  3143 | D:2      | Noticed Sigmund
  3169 | D:2      | Killed Sigmund
  3169 | D:2      | Reached XP level 5. HP: 24/41 MP: 12/12
  4062 | D:3      | Reached XP level 6. HP: 48/48 MP: 13/13
  4071 | D:3      | Reached skill level 1 in Conjurations
  4335 | D:3      | Reached skill level 4 in Fire Magic
  4777 | D:4      | Found Aschuafy's Magic Scroll Boutique.
  4780 | D:4      | Bought a scroll of identify for 26 gold pieces
  5174 | D:4      | Learned a level 3 spell: Conjure Flame
  5184 | D:4      | Noticed Duvessa
  5184 | D:4      | Noticed Dowan
  5219 | D:4      | Killed Dowan
  5221 | D:5      | Entered Level 5 of the Dungeon
  5383 | D:5      | Reached XP level 7. HP: 50/53 MP: 15/15
  6251 | D:5      | Reached skill level 5 in Fire Magic
  6829 | D:6      | Found a stormy altar of Qazlal.
  6835 | D:6      | Reached skill level 1 in Dodging
  7523 | D:6      | Found a staircase to the Ecumenical Temple.
  7643 | D:6      | Reached XP level 8. HP: 60/60 MP: 16/16
  7783 | D:4      | Killed Duvessa
  7957 | D:6      | Learned a level 5 spell: Fireball
  8068 | D:7      | Reached skill level 6 in Fire Magic
  8657 | D:7      | Noticed a hippogriff
  8679 | D:7      | Killed a hippogriff
  8679 | D:7      | Reached skill level 5 in Conjurations
  8908 | D:7      | Got a polished whip
  9158 | D:8      | Found a shadowy altar of Dithmenos.
  9208 | D:7      | Reached XP level 9. HP: 62/67 MP: 15/17
  9335 | D:7      | Reached skill level 7 in Fire Magic
  9691 | D:7      | Found a runed door.
  9695 | D:7      | Noticed Crazy Yiuf
  9703 | D:7      | Killed Crazy Yiuf
  9809 | D:7      | Found Joxt's Jewellery Emporium.
  9816 | D:7      | Bought an uncursed ring of poison resistance for 260 gold pieces
 10050 | D:8      | Reached skill level 5 in Dodging
 10160 | D:8      | Identified the +6 whip "Asiynutiupp" {flame, Str+6} (You found it on level 7 of the Dungeon)
 10363 | D:8      | Noticed Erica
 10776 | D:8      | Noticed a two-headed ogre
 10795 | D:8      | Killed a two-headed ogre
 10795 | D:8      | Reached skill level 8 in Fire Magic
 10869 | D:8      | Noticed Grum
 10915 | D:7      | Killed Grum
 11419 | D:8      | Noticed a two-headed ogre
 11435 | D:8      | Killed a two-headed ogre
 11435 | D:8      | Reached XP level 10. HP: 73/73 MP: 18/18
 11816 | D:8      | Noticed a two-headed ogre
 11834 | D:8      | Killed a two-headed ogre
 12172 | D:8      | Reached skill level 9 in Fire Magic
 12258 | D:8      | Found a deep blue altar of Sif Muna.
 12444 | D:8      | Found a sparkling altar of Nemelex Xobeh.
 12444 | D:8      | Found an opulent altar of Gozag.
 12478 | D:8      | Noticed a two-headed ogre
 12479 | D:8      | Killed Erica
 12480 | D:8      | Noticed a two-headed ogre
 12482 | D:8      | Slain by a two-headed ogre

Skill      XL: |  1  2  3  4  5  6  7  8  9 10 |
---------------+-------------------------------+-----
Fire Magic     | 2 3 4 5 6 8 9 |  9.3
Spellcasting   | 2 3 |  3.2
Shields        | 2 3 4 |  4.1
Conjurations   | 2 3 5 7 8 |  8.3
Dodging        | 2 4 6 7 |  7.7
Fighting       | |  1.7
Armour         | |  1.0
Stealth        | |  1.0
Transmutations | |  1.7

Action                   |  1- 3 |  4- 6 |  7- 9 | 10-12 || total
-------------------------+-------+-------+-------+-------++-------
Melee: Spear             |    22 |       |       |       ||    22
       Dagger            |    18 |       |    84 |       ||   102
       Staff             |       |    11 |    29 |       ||    40
       Short sword       |       |       |     6 |       ||     6
       Whip              |       |       |    13 |       ||    13
 Cast: Flame Tongue      |    62 |    74 |   325 |   103 ||   564
       Throw Flame       |    10 |    68 |    82 |    17 ||   177
       Conjure Flame     |       |       |    16 |     8 ||    24
       Fireball          |       |       |     2 |     3 ||     5
Evoke: Wand              |       |       |     1 |     1 ||     2
  Use: Potion            |     2 |     2 |     3 |     1 ||     8
       Scroll            |     2 |     3 |    13 |       ||    18
 Stab: Sleeping          |       |     1 |       |       ||     1
  Eat: Chunk             |     6 |    11 |    17 |     2 ||    36
       Meat ration       |       |       |     1 |     1 ||     2
       Fruit             |       |       |       |     2 ||     2
Armor: Robe              |    12 |    10 |    11 |       ||    33
       Leather armour    |       |       |    39 |     7 ||    46
Dodge: Dodged            |    57 |    12 |   147 |    53 ||   269
Block: Buckler           |       |     2 |    74 |    17 ||    93
